 Dungeon Crawl Stone Soup version 0.30.1-5-ged363bc7ee (webtiles) character file.

Game seed: 12256027500951626109

358060 Kurtz the Hoplite (level 22, -28/139 (153) HPs)
             Began as a Tengu Fighter on Sept 20, 2023.
             Was a High Priest of Okawaru.
             Killed from afar by a deep elf death mage (61 damage)
             ... with a bolt of negative energy
             ... on level 3 of the Elven Halls.
             The game lasted 01:39:19 (52871 turns).

Kurtz the Hoplite (Tengu Fighter)                  Turns: 52871, Time: 01:39:20

HP:   -28/139 (153) AC: 42    Str: 22    XL:     22   Next: 38%
MP:   32/33         EV: 16    Int:  7    God:    Okawaru [*****.]
Gold: 404           SH: 30    Dex: 23    Spells: 21/21 levels left

rFire   + + .        G - +16 obsidian axe {drain, demonic, Mesm Drain Fly SInv}
rCold   + . .        m - +3 tower shield {reflect}
rNeg    . . .        W - +7 crystal plate armour
rPois   .            V - +1 hat
rElec   .            Y - +1 cloak {Will+}
rCorr   .            s - +2 pair of gloves
SInv    +            (boots unavailable)
Will    ++...        j - amulet of regeneration Stlth
                     A - ring of Xom's Best Wishes {Ice +Blink Int+2 Dex+5 Stlth+}
HPRegen 1.23/turn    X - ring of Darkness {Fly rF+++ Int-5 Slay+4 SInv}
MPRegen 0.23/turn

%: reflection
@: about to teleport, heroic, finesse-ful, flying quickly and evasively,
mesmerised, studying 2 skills, drained, quick
A: beak, talons 3, nimble flight
}: 2/15 runes: serpentine, barnacled
a: Renounce Religion, Evoke Blink, Heroism, Finesse, Duel


You were on level 3 of the Elven Halls.
You worshipped Okawaru.
Okawaru was extremely pleased with you.
You visited 8 branches of the dungeon, and saw 38 of its levels.
You visited the Abyss 2 times.
You visited 2 bazaars.
You also visited: Volcano and Desolation.

You collected 4672 gold pieces.
You spent 4268 gold pieces at shops.

Inventory:

Hand Weapons
 f - the +8 whip "Snakebite" {venom, curare, rPois}
   (You found it on level 2 of the Lair of Beasts)

   rPois:     It protects you from poison.
 C - a +5 broad axe of protection
 G - the +16 obsidian axe (weapon) {drain, demonic, Mesm Drain Fly SInv}
   (Okawaru gifted it to you on level 3 of the Elven Halls)

   Mesm:      Its wielder is mesmerised by any visible foes, and it cannot be
   unequipped while any foes are visible.
   SInv:      It lets you see invisible.
   Fly:       It grants you flight.
   Drain:     It drains your maximum health when unequipped.
Missiles
 b - 3 throwing nets
 r - 59 poisoned darts (quivered)
 S - 11 silver javelins
Armour
 e - the +8 chain mail "Geqa" {rPois rF+ SInv Stlth-}
   (Okawaru gifted it to you on level 3 of the Lair of Beasts)

   rF:        It protects you from fire.
   rPois:     It protects you from poison.
   SInv:      It lets you see invisible.
   Stlth:     It makes you less stealthy.
 m - a +3 tower shield of reflection (worn)
 s - a +2 pair of gloves (worn)
 V - a +1 hat (worn)
 W - a +7 crystal plate armour (worn)
 Y - a +1 cloak of willpower (worn)
Jewellery
 c - a ring of protection from fire
 h - a ring of protection from cold
 j - an amulet of regeneration (around neck)
 A - the ring of Xom's Best Wishes (left hand) {Ice +Blink Int+2 Dex+5 Stlth+}
   (You found it in the Desolation of Salt)

   [ring of ice]

   It enhances your ice magic.
   Int:       It affects your intelligence (+2).
   Dex:       It affects your dexterity (+5).
   rF:        It makes you vulnerable to fire.
   rC:        It protects you from cold.
   +Blink:    It lets you blink.
   Stlth:     It makes you more stealthy.
 I - a ring of resist corrosion
 O - a +4 ring of protection
 T - a ring of positive energy
 X - the ring of Darkness (right hand) {Fly rF+++ Int-5 Slay+4 SInv}
   (You found it in the Desolation of Salt)

   [ring of flight]

   Int:       It affects your intelligence (-5).
   Slay:      It affects your accuracy & damage with ranged weapons and melee
   (+4).
   rF:        It renders you almost immune to fire.
   SInv:      It lets you see invisible.
   Fly:       It grants you flight.
 Z - a +5 ring of evasion
Wands
 o - a wand of flame (63)
 u - a wand of mindburst (27)
 y - a wand of digging (25)
 J - a wand of polymorph (15)
 K - a wand of roots (24)
 Q - a wand of acid (11)
Scrolls
 a - a scroll of noise
 i - a scroll of magic mapping
 l - 5 scrolls of fear
 t - 5 scrolls of blinking
 v - 15 scrolls of teleportation
 z - 5 scrolls of fog
 E - 8 scrolls of silence
 L - 6 scrolls of poison
 U - 5 scrolls of immolation
Potions
 d - 8 potions of might
 g - 6 potions of haste
 k - 14 potions of curing
 p - 5 potions of ambrosia
 w - 7 potions of cancellation
 x - 11 potions of mutation
 D - 3 potions of magic
 H - 2 potions of resistance
 M - a potion of invisibility
 P - 5 potions of brilliance
 R - a potion of berserk rage
Miscellaneous
 n - a piece from Xom's chessboard (15/15)
 B - a lightning rod (4/4)
 F - a condenser vane
 N - a phial of floods


   Skills:
 * Level 20.7(25.7) Fighting
 - Level 19.9(24.9) Axes
 - Level 15.9(20.9) Armour
 - Level 10.1(15.1) Dodging
 * Level 22.6(27) Shields
 * Level 13.5 Invocations


You had 21 spell levels left.
You didn't know any spells.
Your spell library contained the following spells:

 Spells                   Type           Power      Damage    Failure   Level
 Freeze                   Ice            0%         1d3       100%        1
 Kiss of Death            Conj/Necr      0%         2d5       100%        1
 Magic Dart               Conj           0%         1d3       100%        1
 Necrotise                Necr           0%         1d4       100%        1
 Sandblast                Erth           0%         2d4       100%        1
 Sting                    Tmut/Pois      0%         1d3       100%        1
 Cigotuvi's Dreadful Rot  Necr/Pois/Air  0%         N/A       100%        2
 Lesser Beckoning         Tloc           0%         N/A       100%        2
 Passwall                 Tmut/Erth      0%         N/A       100%        2
 Poisonous Vapours        Pois/Air       0%         N/A       100%        2
 Scorch                   Fire           0%         2d5       100%        2
 Searing Ray              Conj           0%         2d4       100%        2
 Static Discharge         Conj/Air       0%         2-2/arc   100%        2
 Sublimation of Blood     Necr           0%         N/A       100%        2
 Confusing Touch          Hex            0%         N/A       100%        3
 Dazzling Flash           Conj/Hex       0%         N/A       100%        3
 Frozen Ramparts          Ice            0%         1d1       100%        3
 Gell's Gravitas          Tloc           0%         N/A       100%        3
 Hailstorm                Conj/Ice       0%         3d3       100%        3
 Mephitic Cloud           Conj/Pois/Air  0%         N/A       100%        3
 Ozocubu's Armour         Ice            0%         N/A       100%        3
 Portal Projectile        Hex/Tloc       0%         N/A       100%        3
 Stone Arrow              Conj/Erth      0%         3d7       100%        3
 Teleport Other           Tloc           0%         N/A       100%        3
 Vampiric Draining        Necr           0%         2d6       100%        3
 Volatile Blastmotes      Fire/Tloc      0%         2d10      100%        3
 Airstrike                Air            0%         2d(0-16)  100%        4
 Dispel Undead            Necr           0%         3d6       100%        4
 Flame Wave               Conj/Fire      0%         2d4       100%        4
 Fulminant Prism          Conj/Hex       0%         3d5       100%        4
 Ice Form                 Ice/Tmut       0%         N/A       100%        4
 Iskenderun's Mystic Bla  Conj/Tloc      0%         2d3       100%        4
 Olgreb's Toxic Radiance  Pois           0%         N/A       100%        4
 Petrify                  Tmut/Erth      0%         N/A       100%        4
 Blade Hands              Tmut           0%         N/A       100%        5
 Irradiate                Conj/Tmut      0%         3d11      100%        5
 Metabolic Englaciation   Hex/Ice        0%         N/A       100%        5
 Eringya's Noxious Bog    Tmut/Pois      0%         N/A       100%        6
 Starburst                Conj/Fire      0%         6d3       100%        6
 Statue Form              Tmut/Erth      0%         N/A       100%        6
 Dragon Form              Tmut           0%         N/A       100%        7
 Orb of Destruction       Conj           0%         9d5       100%        7
 Borgnjor's Revivificati  Necr           0%         N/A       100%        8
 Lehudib's Crystal Spear  Conj/Erth      0%         10d2      100%        8
 Necromutation            Tmut/Necr      0%         N/A       100%        8
 Death's Door             Necr           0%         N/A       100%        9
 Call Imp                 Summ           Unusable   N/A       N/A         2
 Summon Guardian Golem    Hex/Summ       Unusable   N/A       N/A         3
 Tukima's Dance           Hex            Unusable   N/A       N/A         3
 Animate Armour           Summ/Erth      Unusable   N/A       N/A         4
 Animate Dead             Necr           Unusable   N/A       N/A         4
 Summon Ice Beast         Ice/Summ       Unusable   N/A       N/A         4
 Summon Lightning Spire   Summ/Air       Unusable   N/A       N/A         4
 Summon Forest            Summ/Tloc      Unusable   N/A       N/A         5
 Death Channel            Necr           Unusable   N/A       N/A         6
 Simulacrum               Ice/Necr       Unusable   N/A       N/A         6
 Summon Cactus Giant      Summ           Unusable   N/A       N/A         6
 Spellforged Servitor     Conj/Summ      Unusable   N/A       N/A         7
 Summon Hydra             Summ           Unusable   N/A       N/A         7

Dungeon Overview and Level Annotations

Branches:
Dungeon (15/15)            Temple (1/1) D:4            Lair (5/5) D:9
 Shoals (4/4) Lair:2        Snake (4/4) Lair:2        Slime (0/5) Lair:4
    Orc (2/2) D:12            Elf (3/3) Orc:2        Vaults (4/5) D:14
  Crypt (0/3) Vaults:2     Depths (0/4) D:15        Volcano (visited)
Desolation (visited)

Altars:
Ashenzari
Kikubaaqudgha
Makhleb
Nemelex Xobeh
Okawaru
Qazlal
Ru
Trog
Uskayaw
Vehumet
Xom
Jiyva

Shops:
D:3 [*![   D:4 ?   D:6 :?   D:8 (   Orc:2 *(***:**   Elf:3 [[(*   Shoals:3 =
Snake:4 **   Vaults:2 ?   Vaults:3 [   Vaults:4 (

Annotations:
D:9 1 transporter
Lair:5 1 runed translucent door, Psyclone's ghost, journeyman DEVM
Shoals:3 Roxanne
Elf:2 1 runed translucent door, heteroy's ghost, adept GrFi


Innate Abilities, Weirdness & Mutations

You have a beak for a mouth.
You have claws for feet.
Your magical nature lets you fly swiftly and evasively.


Message History

The deep elf annihilator casts a spell.
The deep elf annihilator blinks!
You block the sun demon's attack.
You block the deep elf sorcerer's attack.
Unknown command.
Unknown command.
You cannot move away from the sun demon!
Unknown command.
You hit the deep elf elementalist. You claw the deep elf elementalist.
The deep elf elementalist is severely wounded.
You closely miss the sun demon. You slash the deep elf sorcerer!
Visions of slaying the deep elf elementalist flood into your mind.
The deep elf pyromancer casts a spell.
The deep elf pyromancer blinks!
Unknown command.
You slice the deep elf elementalist!!
Your kick misses the deep elf elementalist.
You peck the deep elf elementalist.
You are no longer entranced.
You kill the deep elf elementalist!
Okawaru accepts your kill.
You closely miss the deep elf sorcerer. You hit the sun demon.
Visions of slaying the deep elf sorcerer flood into your mind.
The sun demon hits you but does no damage.
You slash the sun demon!
You claw the sun demon, but do no damage.
The sun demon is heavily wounded.
You hit the ufetubus. You slash the deep elf sorcerer!
You drain the deep elf sorcerer.
Visions of slaying the sun demon flood into your mind.
Unknown command.
You slice the deep elf sorcerer!!
You kill the deep elf sorcerer!
Okawaru accepts your kill.
You slice the ufetubus!!
You kill the ufetubus!
The ufetubus disappears in a puff of smoke!
You slash the sun demon!
The deep elf death mage casts a spell at you.
The bolt of negative energy hits you!!!
You feel drained.
You die...

#......e...(....#..............(#
#.e....ee......###..............#
#..............3#...............#
e.....e......e....e.....e........
..ee5ā—‹ā—‹3...e............
....eeE4................
#.eee)e...###......... #eĀ§351#
###....... ###@### ###...## #.#
##### #.# #.# #.# #.# #.# #.# #.#


You could see a Tzitzimitl (summoned), a deep elf master archer, 2 deep elf
annihilators, a deep elf death mage (empowered), a deep elf sorcerer (fast,
empowered), a deep elf elementalist (fast, empowered, repels missiles), a sun
demon (summoned, mesmerising), 2 deep elf demonologists, a deep elf high priest
(brilliance aura), a rust devil (summoned), 2 deep elf pyromancers, a deep elf
zephyrmancer, a fire elemental (summoned), a neqoxec (summoned), a ynoxinul
(summoned) and 2 ufetubi.

Vanquished Creatures
  Nikola (Shoals:2)
  A bone dragon (Abyss:2)
  Mlioglotl (Shoals:1)
  4 deep elf blademasters
  2 deep elf master archers (Elf:3)
  Gastronok (D:11)
  A sphinx (Vaults:4)
  A kraken (Shoals:4)
  A tentacled starspawn (Abyss:2)
  Donald (Elf:1)
  8 nagarajas
  An imperial myrmidon (Desolation)
  Aizul (Snake:2)
  6 deep elf sorcerers
  10 vault wardens
  2 frost giants
  A ghoul (Vaults:2)
  3 deep elf elementalists (Elf:3)
  2 cacodemons (Abyss:2)
  19 ironbound preservers
  7 ironbound thunderhulks
  2 deep elf demonologists (Elf:3)
  2 very ugly things (Vaults:3)
  6 dire elephants
  3 halazid warlocks (Desolation)
  3 deep elf annihilators
  Snorg (Lair:4)
  3 deep elf death magi
  3 crystal guardians
  2 merfolk javelineers
  3 eidola
  An ettin (Orc:1)
  3 ragged hierophants (Desolation)
  3 fire dragons
  2 entropy weavers (Vaults:3)
  5 yaktaur captains
  7 great orbs of eyes
  8 hydras
  2 rakshasas
  6 servants of whispers (Desolation)
  9 peacekeepers
  5 vault guards
  An ice dragon (Shoals:3)
  8 ironbound frosthearts
  4 alligator snapping turtles (Shoals:4)
  6 boulder beetles
  11 centaur warriors
  8 anacondas
  2 merfolk avatars
  6 merfolk aquamancers
  2 two-headed ogres (D:9)
  5 death yaks
  A satyr (Shoals:3)
  A death knight (D:15)
  3 orc high priests
  30 dancing weapons
  A vampire mage (Vaults:2)
  12 naga warriors
  Urug (D:11)
  8 shock serpents
  2 hell knights
  12 naga sharpshooters
  17 deep elf knights
  A storm dragon zombie (Abyss:2)
  A wretched star (Abyss:2)
  2 spectral death yaks (Lair:5)
  A fire crab (Lair:3)
  Nergalle (Lair:2)
  A spatial maelstrom (Abyss:2)
  A sun demon (Volcano)
  6 salamander mystics
  A sixfirhy (Abyss:2)
  2 fire crabs (shapeshifter)
  7 skysharks
  A skeletal warrior (Vaults:2)
  8 sea snakes
  A spectral anaconda (Lair:5)
  58 deep trolls
  10 ironbound convokers
  2 glowing orange brains
  An obsidian statue (Lair:5)
  16 deep elf archers
  9 wizards
  10 orc knights
  5 lindwurms
  18 harpies
  7 necromancers
  4 large abominations
  8 naga ritualists
  25 deep elf pyromancers
  20 ugly things
  A stone giant zombie (Vaults:4)
  6 mana vipers
  9 orc sorcerers
  16 salamanders
  19 deep elf zephyrmancers
  A worldbinder (Abyss:2)
  8 cyclopes
  9 manticores
  Joseph (D:10)
  A human skeleton (Vaults:4)
  35 black mambas
  9 guardian serpents
  7 merfolk sirens
  14 elephants
  13 vault sentinels
  A rust devil (Abyss:2)
  2 gargoyles
  20 naga magi
  2 molten gargoyles
  A smoke demon (Abyss:2)
  8 water nymphs
  Maggie (D:7)
  A torpor snail (Lair:3)
  9 cane toads
  3 rime drakes (Lair:3)
  15 komodo dragons
  4 unseen horrors
  A freezing wraith (D:15)
  A tengu conjurer (D:14)
  34 yaktaurs
  4 wind drakes
  4 meliai (D:14)
  10 trolls
  17 merfolk
  A red devil (Volcano)
  43 saltlings (Desolation)
  A hornet (shapeshifter) (D:15)
  9 dream sheep
  16 blink frogs
  6 snapping turtles
  A spectral elephant (Lair:5)
  12 water elementals
  31 slime creatures
  A ynoxinul (Abyss:2)
  A shadow (D:8)
  6 fire bats (Volcano)
  4 air elementals
  5 wraiths
  42 yaks
  2 vampires
  5 basilisks
  2 fire elementals
  Grum (D:10)
  5 wyverns
  A chaos spawn (Abyss:2)
  A death yak simulacrum (Lair:5)
  3 vampire mosquitoes (D:12)
  2 spatial vortices (Abyss:2)
  3 steam dragons
  An elf skeleton (Vaults:4)
  5 redbacks (Vaults:3)
  5 wargs (Orc:2)
  5 acid dragons
  40 nagas
  A hell hound (Volcano)
  31 water moccasins
  An ogre zombie (Vaults:4)
  A swamp drake (Orc:2)
  3 elephant zombies (Lair:5)
  6 black bears
  34 orc warriors
  6 ogres
  11 wolves
  An elephant skeleton (Lair:5)
  5 starcursed masses (Abyss:2)
  2 centaurs
  4 kobold brigands
  2 phantoms
  An earth elemental (Abyss:2)
  5 elf zombies
  10 bullfrogs
  2 gnoll sergeants
  A scorpion (D:6)
  2 cane toad simulacra (Lair:5)
  A small abomination (Abyss:2)
  3 electric eels
  A crimson imp (Orc:2)
  7 lava snakes
  3 quasits
  6 jellies
  A gnoll bouda (D:4)
  18 orc priests
  5 hounds
  4 iron imps
  Jessica (D:2)
  A sleepcap (D:6)
  Natasha (thrice) (D:4)
  45 orc wizards
  2 hell rats (Lair:3)
  22 gnolls
  6 adders
  7 shadow imps
  6 white imps
  2 worms
  A dart slug (D:2)
  81 orcs
  11 ball pythons
  5 endoplasms
  4 giant cockroaches
  9 goblins
  10 hobgoblins
  7 jackals
  20 kobolds
  3 quokkas
  5 bats
  2 frilled lizards (D:2)
  9 rats
  2 tentacles (Shoals:4)
1510 creatures vanquished.

Vanquished Creatures (others)
  A fire giant (Vaults:1)
  A ragged hierophant (Desolation)
  A salamander tyrant (Snake:4)
  A naga warrior (Snake:3)
  A deep elf knight (Elf:2)
  A deep elf zephyrmancer (Elf:2)
  A naga mage (Snake:2)
  10 starspawn tentacles
  2 tentacles (Shoals:4)
19 creatures vanquished.

Grand Total: 1529 creatures vanquished

Notes
Turn   | Place    | Note
-------+----------+-------------------------------------------
     0 | D:1      | Kurtz the Tengu Fighter began the quest for the Orb.
     0 | D:1      | Reached XP level 1. HP: 14/14 MP: 2/2
   147 | D:1      | Reached XP level 2. HP: 14/19 MP: 3/3
   569 | D:1      | Reached XP level 3. HP: 20/23 MP: 4/4
  1230 | D:2      | Reached XP level 4. HP: 28/28 MP: 5/5
  1338 | D:2      | Noticed Jessica
  1346 | D:2      | Killed Jessica
  1347 | D:2      | Reached skill level 5 in Axes
  1753 | D:3      | Found a faded altar of an unknown god.
  1840 | D:3      | Found Heska's Armour Emporium.
  1840 | D:3      | Found Bagai's Distillery.
  1845 | D:3      | Gained mutation: Your magical nature lets you fly swiftly
                  | and evasively. [Tengu growth]
  1845 | D:3      | Reached XP level 5. HP: 24/32 MP: 6/6
  1864 | D:3      | Bought a potion of heal wounds for 70 gold pieces
  2310 | D:3      | Found Hudat's Antique Armour Emporium.
  2376 | D:3      | Reached XP level 6. HP: 33/37 MP: 7/7
  2518 | D:3      | Found Xiphac's General Store.
  2569 | D:4      | Noticed Natasha
  2576 | D:4      | Killed Natasha
  2647 | D:4      | Found a staircase to the Ecumenical Temple.
  2678 | D:4      | Noticed Natasha
  2687 | D:4      | Killed Natasha
  2727 | Temple   | Entered the Ecumenical Temple
  2744 | Temple   | Became a worshipper of Warmaster Okawaru
  2819 | D:4      | Reached XP level 7. HP: 41/41 MP: 8/8
  2886 | D:4      | Noticed Natasha
  2895 | D:4      | Killed Natasha
  2927 | D:4      | Found Onioraef's Magic Scroll Boutique.
  2934 | D:4      | Bought a scroll of blinking for 82 gold pieces
  2934 | D:4      | Bought a scroll of identify for 22 gold pieces
  2934 | D:4      | Bought a scroll of fog for 44 gold pieces
  2934 | D:4      | Bought a scroll of fear for 44 gold pieces
  2972 | D:4      | Identified the +9 plate armour "Qikonkum" {+Blink Str+2}
  3029 | D:4      | Reached * piety under Okawaru
  3030 | D:4      | Reached skill level 1 in Invocations
  3074 | D:4      | Found the +5 woodcutter's axe
  3199 | D:4      | Reached XP level 8. HP: 45/46 MP: 9/9
  3347 | D:5      | Entered Level 5 of the Dungeon
  3616 | D:5      | Identified a scroll of acquirement
  3617 | D:5      | Acquired the +6 broad axe of Irritation {venom, Dex+2}
  4128 | D:6      | Reached skill level 10 in Axes
  4134 | D:6      | Reached ** piety under Okawaru
  4183 | D:6      | Found Sualad Qusa's Vocational Training.
  4330 | D:6      | Found a burning altar of Makhleb.
  4569 | D:6      | Found Zemuw's Magic Scroll Shop.
  4572 | D:6      | Bought a scroll of teleportation for 36 gold pieces
  4572 | D:6      | Bought a scroll of enchant armour for 90 gold pieces
  4723 | D:7      | Reached XP level 9. HP: 53/53 MP: 11/11
  4741 | D:7      | Reached skill level 5 in Fighting
  4811 | D:7      | Noticed Maggie
  4824 | D:7      | Killed Maggie
  4931 | D:7      | Reached *** piety under Okawaru
  5542 | D:8      | Found Hyvvil's Weapon Shop.
  5971 | D:9      | Noticed a troll
  5977 | D:9      | Killed a troll
  6098 | D:9      | Reached **** piety under Okawaru
  6136 | D:9      | Received a gift from Okawaru
  6137 | D:9      | Reached XP level 10. HP: 53/61 MP: 13/13
  6243 | D:9      | Found a stormy altar of Qazlal.
  6288 | D:9      | Reached skill level 1 in Dodging
  6371 | D:9      | Noticed a two-headed ogre
  6396 | D:9      | Killed a two-headed ogre
  6442 | D:9      | Found a transporter.
  6451 | D:9      | Reached ***** piety under Okawaru
  6804 | D:9      | Noticed a two-headed ogre
  6811 | D:9      | Killed a two-headed ogre
  6838 | D:9      | Found a staircase to the Lair.
  7040 | D:9      | You are sucked into a shaft and drop 1 floor!
  7040 | D:10     | Entered Level 10 of the Dungeon
  7316 | D:10     | Acquired a manual of Armour
  7404 | D:10     | Noticed Grum
  7404 | D:10     | Noticed Joseph
  7411 | D:10     | Killed Joseph
  7419 | D:10     | Killed Grum
  7534 | D:10     | Received a gift from Okawaru
  7535 | D:10     | Reached XP level 11. HP: 64/67 MP: 15/15
  7545 | D:10     | Reached skill level 15 in Axes
  7583 | D:10     | Reached skill level 5 in Armour
  8178 | D:11     | Got the Handbook of Fluctuating Shadows
  8192 | D:11     | Noticed Gastronok
  8216 | D:11     | Killed Gastronok
  8216 | D:11     | Received a gift from Okawaru
  8291 | D:11     | Noticed Urug
  8304 | D:11     | Killed Urug
  9393 | D:12     | Noticed a boulder beetle
  9402 | D:12     | Killed a boulder beetle
  9403 | D:12     | Reached skill level 5 in Invocations
  9427 | D:12     | Noticed a wizard
  9434 | D:12     | Killed a wizard
  9435 | D:12     | Reached XP level 12. HP: 72/75 MP: 16/16
  9634 | D:12     | Found a staircase to the Orcish Mines.
  9989 | D:13     | Received a gift from Okawaru
 10079 | D:13     | Noticed a six-headed hydra
 10189 | Lair:1   | Entered Level 1 of the Lair of Beasts
 10199 | Lair:1   | Reached skill level 5 in Dodging
 10617 | Lair:1   | Identified the +11 morningstar "Geujipru" {venom, Drain
                  | rPois Int+3 Dex+2}
 11333 | Lair:2   | Noticed a four-headed hydra
 11534 | Lair:2   | Killed a four-headed hydra
 11895 | Lair:2   | Received a gift from Okawaru
 12041 | Lair:2   | Found a staircase to the Snake Pit.
 12055 | Lair:2   | Reached ****** piety under Okawaru
 12496 | Lair:2   | Noticed Nergalle
 12511 | Lair:2   | Killed Nergalle
 12785 | Lair:2   | Reached XP level 13. HP: 60/81 MP: 18/18
 12885 | Lair:2   | Found the +8 whip "Snakebite" {venom, curare, rPois}
 13240 | Lair:3   | Reached skill level 10 in Armour
 13368 | Lair:3   | Reached skill level 10 in Fighting
 14016 | Lair:3   | Identified the staff of conjuration "Huedwed" {rElec Int-2
                  | Dex+2 Stlth+}
 14175 | Lair:3   | Noticed a dire elephant
 14597 | Lair:3   | Killed a dire elephant
 14613 | Lair:3   | Identified the +8 chain mail "Geqa" {rPois rF+ SInv Stlth-}
                  | (Okawaru gifted it to you on level 3 of the Lair of Beasts)
 14613 | Lair:3   | Received a gift from Okawaru
 14758 | Lair:3   | Noticed a dire elephant
 14778 | Lair:3   | Killed a dire elephant
 15248 | Lair:4   | Noticed Snorg
 15397 | Lair:4   | Reached XP level 14. HP: 90/90 MP: 19/19
 15571 | Lair:4   | Killed Snorg
 15958 | Lair:4   | Found a staircase to the Slime Pits.
 15992 | Lair:4   | Found a viscous altar of Jiyva.
 16205 | Lair:5   | Entered Level 5 of the Lair of Beasts
 16262 | Lair:5   | Found a runed translucent door.
 16262 | Lair:5   | Found a shimmering altar of Xom.
 16262 | Lair:5   | Noticed Psyclone's ghost (journeyman DEVM)
 16527 | Lair:5   | Received a gift from Okawaru
 16601 | Lair:5   | Noticed a dire elephant
 16601 | Lair:5   | Noticed a dire elephant
 16601 | Lair:5   | Noticed a dire elephant
 16602 | Lair:5   | Noticed a dire elephant
 16616 | Lair:5   | Killed a dire elephant
 16978 | Lair:5   | Found the +4 robe of Folly {Brill Will-āˆž Int+8}
 17459 | Lair:5   | Received a gift from Okawaru
 17561 | Lair:5   | Killed a dire elephant
 17584 | Lair:5   | Killed a dire elephant
 17593 | Lair:5   | Killed a dire elephant
 18233 | Lair:5   | Reached XP level 15. HP: 92/97 MP: 21/21
 18585 | Orc:1    | Entered Level 1 of the Orcish Mines
 19058 | D:12     | Received a gift from Okawaru
 20171 | Orc:2    | Entered Level 2 of the Orcish Mines
 20216 | Orc:2    | Found a dark tunnel.
 20261 | Volcano  | Entered a volcano
 20528 | Volcano  | Found a radiant altar of Vehumet.
 20949 | Orc:2    | Received a gift from Okawaru
 20972 | Orc:2    | Paralysed by an orc sorcerer for 5 turns
 20995 | Orc:2    | Found Fiag's Assorted Antiques.
 21162 | Orc:2    | Found Fuimoud's General Store.
 21210 | Orc:2    | Found Tullariq's Specific Store.
 21215 | Orc:2    | Found Naestees's General Store.
 21219 | Orc:2    | Bought a scroll of enchant weapon for 135 gold pieces
 21301 | Orc:2    | Found a staircase to the Elven Halls.
 21480 | Orc:2    | Found Cpunteaf's Commerce Corner.
 21585 | Orc:2    | Found Yclen's Assorted Antiques.
 21594 | Orc:2    | Reached skill level 4 in Shields
 21611 | Orc:2    | Found Nim Meis's Antique Weapon Emporium.
 21650 | Orc:2    | Found Tegedd's Book Shop.
 21776 | Orc:2    | Bought a potion of heal wounds for 120 gold pieces
 21776 | Orc:2    | Bought a scroll of fear for 96 gold pieces
 21776 | Orc:2    | Bought a potion of haste for 240 gold pieces
 21807 | Orc:2    | Bought a scroll labelled GAJETW TEOZEFEUTH for 36 gold
                  | pieces
 21807 | Orc:2    | Bought a scroll labelled NORE QOESORA for 36 gold pieces
 21807 | Orc:2    | Bought a potion of curing for 108 gold pieces
 22473 | D:13     | Identified the +0 scale mail of Greater Demons {rCorr}
                  | (Okawaru gifted it to you on level 13 of the Dungeon)
 22473 | D:13     | Received a gift from Okawaru
 22985 | D:14     | Found an iron altar of Okawaru.
 23012 | D:14     | Found a gate to the Vaults.
 23622 | D:14     | Noticed a frost giant
 23646 | D:14     | Killed a frost giant
 23869 | D:14     | Reached skill level 5 in Shields
 24328 | D:15     | Entered Level 15 of the Dungeon
 24487 | D:15     | Reached XP level 16. HP: 106/107 MP: 23/23
 24702 | D:15     | Reached skill level 15 in Armour
 24945 | D:15     | Found a staircase to the Depths.
 25334 | Abyss:2  | Cast into level 2 of the Abyss (a wizard)
 25470 | Abyss:2  | Noticed a bone dragon
 25488 | Abyss:2  | Killed a bone dragon
 25489 | Abyss:2  | Reached skill level 6 in Shields
 25537 | Abyss:2  | Identified the +4 chain mail "Itosmiy" {Int+2} (Okawaru
                  | gifted it to you on level 2 of the Abyss)
 25537 | Abyss:2  | Received a gift from Okawaru
 25870 | Abyss:2  | Noticed a tentacled starspawn
 25884 | Abyss:2  | Reached skill level 15 in Fighting
 25907 | Abyss:2  | Killed a tentacled starspawn
 25925 | D:15     | Escaped the Abyss
 26307 | Snake:1  | Entered Level 1 of the Snake Pit
 26657 | D:6      | Bought a scroll of acquirement for 624 gold pieces
 26657 | D:6      | Acquired 307 gold pieces
 26685 | D:6      | Bought a manual of Invocations for 880 gold pieces
 26886 | Elf:1    | Entered Level 1 of the Elven Halls
 27044 | Elf:1    | Found a radiant altar of Vehumet.
 27049 | Elf:1    | Paralysed by an air elemental for 1 turns
 27097 | Elf:1    | Paralysed by an air elemental for 1 turns
 27108 | Elf:1    | Reached skill level 7 in Shields
 27537 | Elf:1    | Noticed Donald
 27563 | Elf:1    | Killed Donald
 28051 | Elf:1    | Got Sif Muna's Elucidation of Exhumation
 28341 | Elf:2    | Found a runed translucent door.
 28341 | Elf:2    | Noticed heteroy's ghost (adept GrFi)
 28434 | Elf:2    | Paralysed by an air elemental for 1 turns
 29162 | D:4      | Bought a scroll of teleportation for 33 gold pieces
 29162 | D:4      | Bought a scroll of teleportation for 33 gold pieces
 29162 | D:4      | Bought a scroll of teleportation for 33 gold pieces
 29485 | Snake:1  | Reached skill level 8 in Shields
 29916 | Snake:1  | Reached XP level 17. HP: 64/114 MP: 24/24
 30587 | Snake:1  | Reached skill level 9 in Shields
 31428 | Snake:2  | Noticed Aizul
 31443 | Snake:2  | Killed Aizul
 31665 | Snake:2  | You are sucked into a shaft and drop 1 floor!
 31689 | Snake:3  | Reached skill level 10 in Shields
 31980 | Snake:3  | Reached skill level 10 in Dodging
 32352 | Snake:3  | Received a gift from Okawaru
 32482 | Snake:3  | Reached skill level 11 in Shields
 33244 | Snake:3  | Reached skill level 12 in Shields
 33834 | Snake:4  | Entered Level 4 of the Snake Pit
 34490 | Snake:4  | Found Miworakk's General Store.
 34494 | Snake:4  | Bought a scroll of blinking for 97 gold pieces
 34494 | Snake:4  | Bought a potion of haste for 130 gold pieces
 34494 | Snake:4  | Bought a potion of mutation for 104 gold pieces
 34501 | Snake:4  | Found Taid Vunk's General Store.
 34567 | Snake:4  | Found a radiant altar of Vehumet.
 35321 | Snake:4  | Received a gift from Okawaru
 35481 | Snake:4  | Reached skill level 13 in Shields
 36311 | Snake:4  | Reached XP level 18. HP: 100/120 MP: 25/25
 36484 | Snake:4  | Reached skill level 14 in Shields
 36883 | Snake:4  | Got a serpentine rune of Zot
 37140 | Snake:2  | Identified the +4 falchion of Okawaru's Supremacy {flame,
                  | rC+ Str+4} (Okawaru gifted it to you on level 2 of the
                  | Snake Pit)
 37140 | Snake:2  | Received a gift from Okawaru
 37345 | Snake:2  | Reached skill level 15 in Shields
 38404 | Shoals:1 | Entered Level 1 of the Shoals
 38521 | Shoals:1 | Found a flickering gateway to a bazaar.
 38808 | Bazaar   | Entered a bazaar
 38829 | Bazaar   | Found Sonkasho's Assorted Antiques.
 38845 | Bazaar   | Found Enotiof's Antique Weapon Shoppe.
 38845 | Bazaar   | Found Nuilayr's Book Emporium.
 38867 | Bazaar   | Found Cimuluoc's Armour Shoppe.
 38867 | Bazaar   | Found Nucol's Jewellery Emporium.
 38878 | Bazaar   | Bought a +2 pair of gloves for 181 gold pieces
 38954 | Bazaar   | Bought a potion of might for 144 gold pieces
 39265 | Shoals:1 | Noticed Mlioglotl
 39279 | Shoals:1 | Killed Mlioglotl
 39669 | Shoals:2 | Reached skill level 16 in Shields
 39840 | Shoals:2 | Received a gift from Okawaru
 39930 | Shoals:2 | Noticed Nikola
 39956 | Shoals:2 | Killed Nikola
 40524 | Shoals:3 | Noticed Roxanne
 40597 | Shoals:3 | Found Ycakass's Jewellery Shop.
 40720 | Shoals:3 | Identified the +1 animal skin of Gravitas {Rampage *Slow
                  | rCorr}
 41415 | Shoals:4 | Entered Level 4 of the Shoals
 41786 | Shoals:4 | Received a gift from Okawaru
 41792 | Shoals:4 | Reached skill level 17 in Shields
 41799 | Shoals:4 | Reached XP level 19. HP: 88/127 MP: 27/27
 41863 | Shoals:4 | Got a barnacled rune of Zot
 42828 | Vaults:1 | Entered Level 1 of the Vaults
 43000 | Vaults:1 | Reached skill level 10 in Invocations
 43416 | Vaults:1 | Identified the +0 tower shield of Fanaticism {Rampage
                  | *Corrode +Inv Regen+} (Okawaru gifted it to you on level 1
                  | of the Vaults)
 43416 | Vaults:1 | Received a gift from Okawaru
 44250 | Vaults:2 | Reached skill level 18 in Shields
 44923 | Vaults:2 | Found Xamy Udi's Magic Scroll Shoppe.
 44928 | Vaults:2 | Bought a scroll of blinking for 105 gold pieces
 45065 | Vaults:2 | Received a gift from Okawaru
 45113 | Vaults:2 | Found a staircase to the Crypt.
 45233 | Vaults:2 | Reached XP level 20. HP: 95/136 MP: 29/29
 45902 | Vaults:3 | Reached skill level 19 in Shields
 45916 | Vaults:3 | Found a crumbling gateway.
 45936 | Desolati | Entered the Desolation of Salt
 46012 | Desolati | Identified the +3 long sword "Larid" {pain, rPois Str+3
                  | Stlth+}
 46013 | Desolati | Identified the +0 plate armour of the Hall of Blades
                  | {+Blink rC+ Dex+3}
 46017 | Desolati | Identified the +7 falchion of Reiq {freeze, rPois rC+ rN+
                  | Dex+2}
 46182 | Desolati | Identified the ring of Darkness {Fly rF+++ Int-5 Slay+4
                  | SInv}
 46188 | Desolati | Identified the ring of Xom's Best Wishes {Ice +Blink Int+2
                  | Dex+5 Stlth+}
 46221 | Desolati | Identified the +1 robe of the Forgotten Realms {Drain Int+7
                  | SInv}
 46678 | Desolati | Identified the +4 rapier of Anger {speed, rElec rC+ Int+3}
 46700 | Desolati | Received a gift from Okawaru
 46823 | Desolati | Identified the +10 falchion "Kofif" {flame, Fragile rC+
                  | Will+ Dex+4}
 47441 | Vaults:3 | Reached skill level 20 in Shields
 47844 | Vaults:4 | Reached XP level 21. HP: 92/144 MP: 31/31
 47982 | Vaults:4 | Found a flickering gateway to a bazaar.
 48083 | Bazaar   | Entered a bazaar
 48126 | Bazaar   | Found Edoo's Jewellery Shop.
 48152 | Bazaar   | Found Roch's Book Shop.
 48182 | Bazaar   | Bought a ring of positive energy for 180 gold pieces
 48319 | Vaults:4 | Found Ocong's Weapon Shoppe.
 48352 | Vaults:4 | Received a gift from Okawaru
 48595 | Vaults:4 | Reached skill level 21 in Shields
 48678 | Vaults:3 | Found Diopreuq's Armour Emporium.
 48783 | Vaults:3 | Bought a +1 cloak of willpower for 280 gold pieces
 50104 | Elf:2    | Identified the +6 quarterstaff of Mutilation {pain, Will+
                  | Dex+3 Stlth+}
 50566 | Elf:2    | Found a runed translucent gate.
 50566 | Elf:2    | Found a runed translucent gate.
 50566 | Elf:2    | Found a runed translucent gate.
 51195 | Elf:2    | Reached skill level 22 in Shields
 51195 | Elf:2    | Reached XP level 22. HP: 108/152 MP: 32/32
 51422 | Elf:3    | Entered Level 3 of the Elven Halls
 51630 | Elf:3    | Found Dacokhoc's Antique Armour Boutique.
 51695 | Elf:3    | Paralysed by an air elemental for 1 turns
 51699 | Elf:3    | Received a gift from Okawaru
 51699 | Elf:3    | Found the +16 obsidian axe {drain, demonic, Mesm Drain Fly
                  | SInv}
 51853 | Elf:3    | Found Medaorgh's Antique Weapon Shoppe.
 51879 | Elf:3    | Found Wyudgh's Assorted Antiques.
 51901 | Elf:3    | Bought a scroll of enchant armour for 285 gold pieces
 52487 | Elf:3    | Found Ranekoef's Armour Boutique.
 52638 | Elf:3    | Identified the +5 battleaxe of the Demagogue {venom, Str+4}
 52647 | Elf:3    | Identified the ring "Cunuv" {*Slow Will+ Str+6}
 52678 | Elf:3    | Identified the +2 trident "Plojy" {spect, Fly rF+ rN+
                  | Dex+3}
 52694 | Elf:3    | Identified the +4 glaive of Yprimp {freeze, Dex+5}
 52831 | Elf:3    | Identified the +1 plate armour "Jioxoh" {rElec rC++ Regen+
                  | Str-3} (Okawaru gifted it to you on level 3 of the Elven
                  | Halls)
 52831 | Elf:3    | Received a gift from Okawaru
 52841 | Abyss:3  | Cast into level 3 of the Abyss (a deep elf sorcerer)
 52859 | Elf:3    | Escaped the Abyss
 52866 | Elf:3    | HP: 6/153 [deep elf annihilator/bolt of lightning (33)]
 52871 | Elf:3    | Killed from afar by a deep elf death mage

Illustrated notes

Levels and vault maps discovered:
D:1:      scummos_arrival_gate, layout_loops_ring, minmay_misc_feat_diagonals,
          hangedman_decor_push
D:2:      layout_loops_cross, uniq_jessica
D:3:      layout_rooms, serial_shops, nicolae_square_shop, shop, shop,
          nicolae_shop_back_alley_shop,
          hellmonk_ecumenical_altar_pennies_from_heaven
D:4:      layout_rooms, serial_demonic, serial_demonic_a, serial_demonic_g,
          serial_demonic_g, serial_demonic_d, serial_demonic_b,
          serial_demonic_d, serial_shops, nicolae_shop_tiny_statue_garden,
          pf_guarded_unrand_woodcutter, uniq_natasha
D:5:      layout_loops_ring
D:6:      layout_rooms, demons_altar, serial_shops, nicolae_shop_rolled_up,
          nicolae_shop_vocational
D:7:      layout_loops_ring, serial_aquarium, aquarium_bridge_long_joined
          [aquarium_subvault_bridge, aquarium_subvault_wall,
          aquarium_subvault_bridge, aquarium_subvault_bridge,
          aquarium_subvault_wall, aquarium_subvault_wall], aquarium_window_fake,
          aquarium_window_fake, aquarium_window_2, aquarium_window_fake,
          aquarium_view_2a, aquarium_balcony_double_3, aquarium_pool_2,
          uniq_maggie
D:8:      layout_basic, serial_shops, nicolae_shop_getting_attention
D:9:      layout_grid_maze, mainiacjoe_overflow_alcove_1, david_lair_shrubbed,
          kennysheep_path_1, nicolae_diode_basic
D:10:     layout_cave_pods, kennysheep_decorative_pillar, uniq_grum, uniq_joseph
D:11:     layout_loops_cross, serial_bayou, serial_bayou_pond_c,
          serial_bayou_shore_b, serial_bayou_pond_c, serial_bayou_pond_c,
          uniq_urug, uniq_gastronok
D:12:     layout_basic, orc_0_dummy
D:13:     layout_cross
D:14:     evilmike_horseshoe, layout_long_grid, david_vaults_1,
          okawaru_ov_weapons_minmay
D:15:     grunt_enter_depths_hoard, layout_loops_ring, serial_bayou_pond_c
Temple:   nicolae_temple_bog_church
Lair:1:   layout_cave_pods, lemuel_fruit_tree, lemuel_fruit_fields
Lair:2:   minmay_guarded_unrand_snakebite, layout_loops_ring,
          nicolae_shoals_entry_flooding, minmay_snake_entry_six_corridors,
          eino_small_chamber_without_monster, grunt_megastairs_5, uniq_nergalle
Lair:3:   nzn_winding_woodlands_stair_trap [nzn_winding_woodlands_5x15_garden,
          nzn_winding_woodlands_5x15_sidewinder,
          nzn_winding_woodlands_5x15_jagged,
          nzn_winding_woodlands_15x15_eel_pit,
          nzn_winding_woodlands_5x15_pathside_ponds,
          nzn_winding_woodlands_5x15_cabin, nzn_winding_woodlands_5x15_parted],
          layout_loops_ring, eino_small_chamber_without_monster,
          nicolae_lair_lakeside_cave
Lair:4:   layout_long_grid, nicolae_slime_entry_field_trip,
          chequers_serial_rivers_micro_c, uniq_snorg
Lair:5:   due_jungle_book, layout_cellular_growth, ebering_ghost_xom,
          chequers_serial_rivers_small_3, chequers_serial_rivers_small_b,
          infiniplex_staircase_pool
Shoals:1: layout_shoals, serial_shops, bzr_entry_gold, uniq_mlioglotl
Shoals:2: layout_shoals, uniq_nikola
Shoals:3: argonaut_golden_fleece, layout_shoals, serial_shops, shop_statue,
          uniq_roxanne
Shoals:4: shoals_end_hangedman, layout_shoals
Snake:1:  layout_layer_cave
Snake:2:  layout_cave_shapes, uniq_aizul
Snake:3:  layout_chambers
Snake:4:  snake_pit, layout_cave_town, basic_altar, serial_shops, shop,
          grunt_ministairs_8, minmay_shop_star
Orc:1:    layout_caves, basic_altar, special_room [special_room_orc]
Orc:2:    st_orc_town, layout_diamond_mine, serial_shops, shop,
          lightli_volcano_entry_magma_tube, nicolae_specific_store,
          nicolae_alphabet_shops, hangedman_minor_magic
Elf:1:    layout_gridlike, basic_altar, minmay_elf_necromancy, uniq_donald
Elf:2:    elven_hall_of_blades_hangedman_original [nicolae_blade_little_rooms],
          layout_onion_city, hellmonk_ghost_happy_afterlife, fountainhead,
          dreamdust_princess_bridge
Elf:3:    minmay_elf_hall, layout_geoelf_octagon, serial_shops,
          nicolae_shop_window_shopping, nicolae_shop_trees,
          nicolae_shop_crystal, shop
Vaults:1: nicolae_vaults_door_testing_chamber,
          nicolae_vaults_security_offices_4, ontoclasm_vaults_ring_square,
          nicolae_vaults_wine_cellar, ontoclasm_vaults_ring_square,
          hangedman_vaults_trim, vaults_dpeg_hooks, vaults_room_hallway,
          nicolae_vaults_surprise_closet, layout_vaults_omnigrid
Vaults:2: minmay_crypt_entry_simple_corners, ontoclasm_vaults_spin,
          nicolae_vaults_sesquioval_fish, nicolae_vaults_octothorpe,
          nicolae_vaults_ninety_degrees, nicolae_vaults_rhombus_7,
          nicolae_vaults_mitosis, nicolae_vaults_house_3,
          vaults_standard_mumra_x, vaults_mumra_chevron_long,
          special_room_vaults [special_room_orc],
          nicolae_vaults_variable_pillar_hall, nicolae_vaults_diamond_2,
          hangedman_vaults_slice, nicolae_vaults_little_squares_6,
          layout_vaults_ring, serial_shops, shop
Vaults:3: portal_desolation_entry_twin_temple, vaults_room_fours,
          hangedman_vaults_slither, nicolae_vaults_cornered_office,
          nicolae_vaults_double_plus_1, nicolae_vaults_bisected_slash,
          nicolae_vaults_six-pack, vaults_room_pool, grunt_vaults_funnel,
          v_alt_pattern_5, vaults_dpeg_cross, nicolae_vaults_little_squares_6,
          layout_vaults_omnibox, serial_shops, nicolae_shop_mannequins
Vaults:4: nicolae_vaults_stand_back, nicolae_vaults_storage_room_doors,
          nicolae_vaults_taking_the_gang_shopping,
          nicolae_vaults_trapezoid_lopsided_4, v_misc_18,
          nicolae_vaults_house_2, ontoclasm_vaults_chip, nicolae_vaults_prndl,
          nicolae_vaults_diamond_1, v_misc_23, nicolae_vaults_frosty_reception,
          layout_vaults_maze_snakey, serial_shops, bzr_entry_water

Skill      XL: |  1  2  3  4  5  6  7  8  9 10 11 12 13 14 15 16 17 18 19 20 21 |
---------------+----------------------------------------------------------------+-----
Axes           | 3 4 5 6 8 9 11 13 14 16 17 18 19 | 19.9
Invocations    | 1 2 3 4 5 6 7 8 9 10 12 13 | 13.5
Fighting       | 4 6 7 8 9 11 12 14 15 16 17 19 20 | 20.7
Dodging        | 3 4 5 6 7 9 10 | 10.1
Armour         | 4 7 9 12 13 14 15 | 15.9
Shields        | 5 8 13 17 18 20 22 | 22.6

Action                     |  1- 3 |  4- 6 |  7- 9 | 10-12 | 13-15 | 16-18 | 19-21 | 22-24 || total
---------------------------+-------+-------+-------+-------+-------+-------+-------+-------++-------
  Melee: War axe           |    72 |   154 |    76 |       |       |       |       |       ||   302
         Kick              |    11 |    33 |    66 |   110 |   461 |   724 |   827 |    54 ||  2286
         Peck              |     9 |    16 |    40 |    83 |   287 |   450 |   509 |    35 ||  1429
         Broad axe         |       |       |   118 |   353 |  1031 |  1660 |  1560 |   152 ||  4874
         Battleaxe         |       |       |    10 |       |       |       |       |       ||    10
         Morningstar       |       |       |       |     4 |       |       |       |       ||     4
         Whip              |       |       |       |       |    45 |       |       |       ||    45
  Throw: Javelin           |     1 |       |       |     7 |       |       |       |       ||     8
         Dart              |       |       |       |     5 |     1 |       |       |       ||     6
 Invoke: Heroism           |       |       |       |     3 |     6 |    19 |    14 |     3 ||    45
         Finesse           |       |       |       |     1 |     2 |     4 |     4 |     2 ||    13
  Evoke: Wand              |       |       |       |       |     3 |     5 |       |       ||     8
    Use: Potion            |       |     1 |     1 |       |     3 |    11 |     4 |     2 ||    22
         Scroll            |       |       |     9 |     8 |    11 |    13 |     7 |     7 ||    55
   Stab: Invisible         |       |       |       |       |     2 |     5 |       |       ||     7
         Petrified         |       |       |       |       |     2 |       |       |       ||     2
 Armour: Scale mail        |    39 |    26 |       |       |       |       |       |       ||    65
         Chain mail        |       |    55 |    14 |       |   147 |   382 |    60 |       ||   658
         Plate armour      |       |       |   130 |   165 |   101 |       |       |       ||   396
         Crystal plate arm |       |       |       |       |   282 |   158 |   513 |    21 ||   974
  Dodge: Dodged            |    27 |    80 |    69 |    98 |   326 |   487 |   368 |    24 ||  1479
  Block: Buckler           |     9 |    34 |    39 |   126 |   421 |   159 |       |       ||   788
         Reflection        |       |       |       |     1 |     4 |   135 |   102 |    17 ||   259
         Kite shield       |       |       |       |       |       |   357 |       |       ||   357
         Tower shield      |       |       |       |       |       |   712 |  1583 |   102 ||  2397
